 Dungeon Crawl Stone Soup version 0.23.0 (webtiles) character file.

Game seed: 7799585942604221072

33222 PentaManta the Slicer (level 14, -12/96 HPs)
             Began as a Kobold Berserker on Feb 17, 2019.
             Was a High Priest of Trog.
             Mangled by an angel
             ... wielding a +2 whip of holy wrath
              (19 damage)
             ... on level 6 of the Dungeon.
             The game lasted 01:37:52 (15404 turns).

PentaManta the Slicer (Kobold Berserker)           Turns: 15404, Time: 01:37:53

Health: -12/96     AC: 10    Str: 25    XL:     14   Next: 6%
Magic:  14/14      EV: 26    Int:  9    God:    Trog [*****.]
Gold:   500        SH: 10    Dex: 21    Spells: 13/13 levels left

rFire    . . .     SeeInvis .   C - +0 rapier
rCold    . . .     Gourm    .   S - +2 buckler
rNeg     + . .     Faith    .   y - +1 leather armour {rN+}
rPois    +         Spirit   .   n - +0 helmet
rElec    .         Reflect  .   z - +2 cloak {rPois}
rCorr    .         Harm     .   o - +0 pair of gloves
MR       +....                  (no boots)
Stlth    +++.......             h - amulet of regeneration
HPRegen  0.66/turn              H - +6 ring of strength
MPRegen  0.14/turn              Q - ring of Egeushre {Wiz Str+3 Dex+4 Stlth+}

@: about to teleport, berserk cooldown, slowed, glowing, very slow
A: small, carnivore, sense surroundings 1, shaggy fur 1
a: Berserk, Trog's Hand, Brothers in Arms, Renounce Religion


You were on level 6 of the Dungeon.
You worshipped Trog.
Trog was extremely pleased with you.
You were not hungry.

You visited 2 branches of the dungeon, and saw 16 of its levels.
You also visited: Sewer.

You collected 993 gold pieces.
You spent 493 gold pieces at shops.

Inventory:

Hand Weapons
 C - a +0 rapier (weapon)
 X - a +2 short sword of draining
Armour
 j - +0 fire dragon scales
 n - a +0 helmet (worn)
 o - a +0 pair of gloves (worn)
 s - a +1 cloak of magic resistance
 y - a +1 leather armour of positive energy (worn)
 z - a +2 cloak of poison resistance (worn)
 J - +0 steam dragon scales
 O - a cursed +0 shield
 S - a +2 buckler (worn)
 T - a +3 chain mail of cold resistance
Jewellery
 h - an amulet of regeneration (around neck)
 p - an uncursed ring of flight
 r - an uncursed ring of resist corrosion
 u - an uncursed ring of fire
 H - a +6 ring of strength (left hand)
 I - an uncursed ring of positive energy
 Q - the ring of Egeushre (right hand) {Wiz Str+3 Dex+4 Stlth+}
   (You took it off a gnoll sergeant on level 8 of the Dungeon)

   [ring of wizardry]

   It improves your spell success rate.
   It affects your strength (+3).
   It affects your dexterity (+4).
   It makes you more stealthy.
Wands
 a - a wand of digging (2)
 b - a wand of acid (11)
 v - a wand of polymorph (10)
 w - a wand of scattershot (2)
 L - a wand of flame (16)
 P - a wand of disintegration (12)
 W - a wand of paralysis (6)
Scrolls
 m - 7 scrolls of teleportation
 q - 6 scrolls of remove curse
 x - 4 scrolls of magic mapping
 B - a scroll of blinking
 F - 4 scrolls of fog
 K - 4 scrolls of identify
 N - 4 scrolls of enchant weapon
Potions
 d - 4 potions of might
 e - 3 potions of flight
 f - 3 potions of berserk rage
 g - 7 potions of agility
 i - 10 potions of curing
 k - 3 potions of brilliance
 t - 4 potions of magic
 A - 4 potions of haste
 E - 2 potions of lignification
 G - a potion of ambrosia {unknown}
Comestibles
 c - 35 rations


   Skills:
 * Level 14.0 Fighting
 - Level 14.0 Short Blades
 - Level 1.5 Armour
 + Level 12.5 Dodging
 + Level 11.1 Stealth
 + Level 8.3 Shields


You had 13 spell levels left.
You didn't know any spells.
Your spell library contained the following spells:

 Spells                   Type           Power        Failure   Level  Hunger
 Blink                    Tloc           N/A          26%         2    ###....
 Shroud of Golubria       Chrm/Tloc      #.........   26%         2    ###....
 Gell's Gravitas          Tloc           #.........   45%         3    ####...
 Lesser Beckoning         Tloc           #.........   45%         3    ####...
 Teleport Other           Tloc           #.......     45%         3    ####...
 Passage of Golubria      Tloc           N/A          86%         4    #####..


Dungeon Overview and Level Annotations

Branches:
Dungeon (15/15)            Temple (1/1) D:6            Lair (0/6) D:8
    Orc (0/2) D:10         Depths (0/5) D:15
 Vaults: D:13-14

Altars:
Ashenzari
Cheibriados
Dithmenos
Elyvilon
Fedhas
Gozag
Hepliaklqana
Kikubaaqudgha
Makhleb
Nemelex Xobeh
Okawaru
Qazlal
Ru
Sif Muna
Trog
Uskayaw
Vehumet
Wu Jian
Xom
Yredelemnul
Zin
The Shining One

Shops:
D:4 ?   D:7 ?   D:9 (!

Annotations:
D:8 + eel
D:14 vault


Innate Abilities, Weirdness & Mutations

You are small and have problems with some larger weapons.
You are carnivorous and can eat meat at any time.
You passively map a small area around you.
You are covered in fur. (AC +1)


Message History

As you read the scroll of teleportation, it crumbles to dust.
You feel strangely unstable. You block the angel's attack.
The angel misses you. x2; The angel completely misses you.
Evoke which item? (* to show all) (? for menu, Esc to quit)
Aiming: Disintegrate
Press: ? - help, Shift-Dir - straight line, f/p - angel
Aim: an angel, wielding a +2 whip of holy wrath and wearing a +0 robe (heavily wounded, haloed, chance to defeat MR: 1%)
Okay, then.
Evoke which item? (* to show all) (? for menu, Esc to quit)
Aiming: Scattershot
Press: ? - help, Shift-Dir - straight line, f/p - angel
Aim: an angel, wielding a +2 whip of holy wrath and wearing a +0 robe (heavily wounded, haloed)
The burst of metal fragments hits the angel but does no damage. x2
The angel is heavily wounded.
The angel hits you with a +2 whip of holy wrath!
* * * LOW HITPOINT WARNING * * *
You block the angel's attack. The angel barely misses you.
You block the angel's attack.
The angel hits you with a +2 whip of holy wrath!!
You die...

.# ##.# #...#...#### .# ##.#
#...##### .# #..######## #....#
.####.###.....######.#.)# ###
..........###...........# #..
.###.#...##>##..#######.#######.#
..##.#..###.###..# #..#...##.#
#.#..#.####.####.# ##.#.#.##.#
#.#.##.#>.._..>#@# #.#.#.##.#
#.#.##.####.'###A# #.#.#.....
#.#.##..###.#.#..# #.#.##....
#.#.#....##>#...## #.#.#.....
#.#.#.##..###..## ###.#.#.....
#.#.#####......#######...#.......
#.#.#..................####..#.#.
..#..####.....#######..# #......
####.# #.###..........# ##.#.#.


You could see an angel.

Vanquished Creatures
  An orc warlord (D:9)
  5 two-headed ogres
  A centaur warrior (D:13)
  An alligator (D:15)
  An ogre mage (D:15)
  A tengu warrior (D:13)
  The ghost of mora the Cleaver, a novice HOMo of Beogh (D:8)
  2 orc knights (D:9)
  A deep troll (D:15)
  A wolf spider zombie (D:14)
  5 ugly things
  Maurice (D:11)
  4 centaur zombies
  A gargoyle (D:14)
  A yaktaur (D:15)
  The ghost of Milting the Chopper, an amateur HOMo (D:3)
  2 trolls
  Grinder (D:4)
  3 hornets
  8 slime creatures (D:13)
  3 hippogriffs
  A wyvern (D:12)
  A wraith (D:11)
  A human (D:9)
  8 yaks
  A hungry ghost (D:8)
  A steam dragon (D:14)
  4 hogs (D:9)
  A soldier ant (D:13)
  15 wargs (D:9)
  A water moccasin (D:11)
  12 orc warriors
  2 ice beasts (D:8)
  A black bear (D:7)
  2 sky beasts
  A necrophage (D:15)
  A hornet zombie (D:13)
  10 ogres
  3 phantoms
  2 wolves (D:8)
  9 centaurs
  A crocodile (shapeshifter) (D:13)
  3 big kobolds
  11 bullfrogs
  A wyvern zombie (D:11)
  7 gnoll sergeants
  A wyvern skeleton (D:6)
  A water moccasin skeleton (D:7)
  3 killer bees (D:8)
  3 scorpions
  9 wights
  2 howler monkeys (D:12)
  A bullfrog zombie (D:11)
  9 crimson imps
  A gnoll shaman (D:8)
  5 centaur skeletons
  2 quasits
  Crazy Yiuf (D:3)
  4 orc priests
  10 hounds
  3 jellies
  10 orc wizards
  4 bullfrog skeletons
  Ijyb (D:3)
  9 worker ants
  Natasha (thrice) (D:3)
  3 iguanas
  2 hound skeletons
  A worker ant zombie (D:6)
  15 gnolls
  5 river rats
  12 adders
  2 hound simulacra (D:3)
  A white imp (D:3)
  A howler monkey simulacrum (D:3)
  3 oozes
  3 adder skeletons
  An adder zombie (D:5)
  8 worms
  A dart slug (D:3)
  An adder simulacrum (D:3)
  4 leopard geckos
  65 orcs
  6 bats
  4 giant cockroaches
  11 goblins
  5 hobgoblins
  4 jackals
  4 quokkas
  14 ball pythons
  8 frilled lizards
  A jackal simulacrum (D:3)
  A jackal zombie (D:6)
  12 kobolds
  A leopard gecko zombie (D:7)
  A quokka simulacrum (D:3)
  A quokka skeleton (D:4)
  34 rats
462 creatures vanquished.

Vanquished Creatures (others)
  A shadow (D:14)
  6 plants (D:8)
7 creatures vanquished.

Grand Total: 469 creatures vanquished

Notes
Turn   | Place    | Note
-------+----------+-------------------------------------------
     0 | D:1      | PentaManta the Kobold Berserker began the quest for the
                  | Orb.
     0 | D:1      | Reached XP level 1. HP: 14/14 MP: 1/1
   153 | D:1      | Reached XP level 2. HP: 19/19 MP: 2/2
   379 | D:1      | Reached XP level 3. HP: 10/23 MP: 3/3
   800 | D:1      | Reached ** piety under Trog
  1353 | D:2      | Reached XP level 4. HP: 27/29 MP: 4/4
  1863 | D:3      | Noticed Natasha
  1872 | D:3      | Killed Natasha
  1872 | D:3      | Reached skill level 5 in Short Blades
  1872 | D:3      | Reached XP level 5. HP: 33/33 MP: 5/5
  1997 | D:3      | Noticed Milting's ghost (amateur HOMo)
  2043 | D:3      | Found a runed translucent gate.
  2043 | D:3      | Found a runed translucent gate.
  2043 | D:3      | Found a runed translucent gate.
  2099 | D:3      | Noticed Natasha
  2102 | D:3      | Found an iron altar of Okawaru.
  2123 | D:3      | Killed Milting's ghost
  2123 | D:3      | Reached skill level 5 in Dodging
  2123 | D:3      | Reached XP level 6. HP: 32/39 MP: 6/6
  2127 | D:3      | Killed Natasha
  2240 | D:3      | Reached XP level 7. HP: 44/44 MP: 7/7
  2383 | D:3      | Noticed Ijyb
  2395 | D:3      | Killed Ijyb
  2435 | D:3      | Found a runed translucent door.
  2436 | D:3      | Noticed Crazy Yiuf
  2446 | D:3      | Killed Crazy Yiuf
  2446 | D:3      | Reached skill level 5 in Fighting
  2482 | D:3      | Noticed Natasha
  2499 | D:3      | Killed Natasha
  2537 | D:3      | Found a faded altar of an unknown god.
  2612 | D:4      | Found Jastis's Magic Scroll Emporium.
  2625 | D:4      | Bought a scroll of identify for 22 gold pieces
  2625 | D:4      | Bought a scroll of identify for 22 gold pieces
  2625 | D:4      | Bought a scroll of magic mapping for 38 gold pieces
  2625 | D:4      | Bought a scroll of magic mapping for 38 gold pieces
  2625 | D:4      | Bought a scroll of identify for 22 gold pieces
  2649 | D:4      | Bought a scroll of remove curse for 33 gold pieces
  2817 | D:4      | Reached *** piety under Trog
  2829 | D:4      | Found a glowing drain.
  2850 | Sewer    | Entered a sewer
  3164 | Sewer    | Reached **** piety under Trog
  3181 | Sewer    | Reached XP level 8. HP: 50/50 MP: 6/8
  3257 | D:4      | Received a gift from Trog
  3454 | D:4      | Noticed Grinder
  3466 | D:4      | Killed Grinder
  4200 | D:5      | Entered Level 5 of the Dungeon
  4697 | D:6      | Found a white marble altar of Elyvilon.
  4697 | D:6      | Found a runed translucent door.
  4697 | D:6      | Noticed an angel
  4953 | D:6      | Found a staircase to the Ecumenical Temple.
  4963 | Temple   | Entered the Ecumenical Temple
  5183 | D:6      | Reached XP level 9. HP: 56/56 MP: 9/9
  5667 | D:6      | Found a snail-covered altar of Cheibriados.
  5668 | D:6      | Found a glowing silver altar of Zin.
  5763 | D:6      | Got a scorched shortbow
  6033 | D:7      | Reached skill level 10 in Dodging
  6443 | D:7      | Found Nokkif's Magic Scroll Boutique.
  6473 | D:7      | Bought a scroll of enchant weapon for 82 gold pieces
  6473 | D:7      | Bought a scroll of enchant weapon for 82 gold pieces
  6473 | D:7      | Bought a scroll of identify for 22 gold pieces
  6474 | D:7      | Reached skill level 10 in Fighting
  6474 | D:7      | Reached skill level 10 in Stealth
  6474 | D:7      | Reached XP level 10. HP: 68/68 MP: 10/10
  6475 | D:7      | Identified the cursed +3 shortbow "Beastbane" {flame, rC++
                  | Str-4 Dex+6} (You found it on level 6 of the Dungeon)
  6620 | D:8      | Found a transporter.
  6621 | D:8      | Found a transporter.
  6660 | D:8      | Identified the ring of Egeushre {Wiz Str+3 Dex+4 Stlth+}
  6662 | D:8      | Noticed mora's ghost (novice HOMo)
  6745 | D:8      | Noticed a two-headed ogre
  6760 | D:8      | Killed a two-headed ogre
  6760 | D:8      | Reached XP level 11. HP: 74/74 MP: 11/11
  6938 | D:8      | Noticed a two-headed ogre
  6950 | D:8      | Killed a two-headed ogre
  7062 | D:8      | Found a staircase to the Lair.
  7429 | D:8      | Killed mora's ghost
  7809 | D:9      | Found Legepali's Distillery.
  7821 | D:9      | Bought a potion of heal wounds for 80 gold pieces
  7910 | D:9      | Found Beazann's Weapon Boutique.
  7915 | D:9      | Bought a +0 rapier for 52 gold pieces
  8400 | D:9      | Noticed an orc warlord
  8400 | D:9      | Noticed an orc knight
  8542 | D:9      | Killed an orc knight
  8674 | D:9      | Reached XP level 12. HP: 70/84 MP: 12/12
  8931 | D:9      | Reached skill level 1 in Shields
  8934 | D:9      | Reached ***** piety under Trog
  9128 | D:9      | Killed an orc warlord
  9909 | D:10     | Entered Level 10 of the Dungeon
 10422 | D:10     | Found a staircase to the Orcish Mines.
 10889 | D:11     | Reached skill level 5 in Shields
 10943 | D:11     | Received a gift from Trog
 11112 | D:11     | Noticed Maurice
 11128 | D:11     | Paralysed by Maurice for 5 turns
 11141 | D:11     | Killed Maurice
 11144 | D:11     | Gained mutation: Scrolls take you a little longer to read.
                  | [potion of mutation]
 11144 | D:11     | Gained mutation: Your flesh is cold resistant. (rC+)
                  | [potion of mutation]
 11145 | D:11     | Lost mutation: Scrolls take you a little longer to read.
                  | [potion of mutation]
 11145 | D:11     | Lost mutation: Your flesh is cold resistant. (rC+) [potion
                  | of mutation]
 11145 | D:11     | Gained mutation: You passively map a small area around you.
                  | [potion of mutation]
 11145 | D:11     | Gained mutation: You are covered in fur. (AC +1) [potion of
                  | mutation]
 11237 | D:11     | Got a dazzling hunting sling
 11238 | D:11     | Identified the +2 hunting sling of Wuwy {freeze, *Contam
                  | rF+ Int+5 Stlth+} (You found it on level 11 of the Dungeon)
 11756 | D:12     | Found a glowing golden altar of the Shining One.
 12075 | D:12     | Reached XP level 13. HP: 88/88 MP: 13/13
 13410 | D:13     | Noticed a centaur warrior
 13422 | D:13     | Killed a centaur warrior
 14185 | D:14     | Noticed a vault guard
 14258 | D:14     | Noticed a vault guard
 14709 | D:15     | Entered Level 15 of the Dungeon
 14738 | D:15     | Found a sacrificial altar of Ru.
 14790 | D:15     | Noticed an ettin
 14796 | D:15     | Reached XP level 14. HP: 95/95 MP: 14/14
 15404 | D:6      | Mangled by an angel

Skill      XL: |  1  2  3  4  5  6  7  8  9 10 11 12 13 14 |
---------------+-------------------------------------------+-----
Dodging        | 3 4 5 6 7 9 10 11 12 | 12.5
Fighting       | 4 5 6 10 11 13 14 | 14.0
Short Blades   | 5 6 8 11 12 13 14 | 14.0
Stealth        | 10 11 | 11.1
Shields        | 6 8 |  8.3
Armour         | |  1.5

Action                   |  1- 3 |  4- 6 |  7- 9 | 10-12 | 13-15 || total
-------------------------+-------+-------+-------+-------+-------++-------
Melee: Short sword       |   115 |    85 |   123 |    83 |   301 ||   707
       Dagger            |       |       |   391 |   328 |       ||   719
       Rapier            |       |       |       |   557 |   143 ||   700
Invok: Berserk           |     3 |     7 |    20 |    16 |    13 ||    59
       Trog's Hand       |       |     2 |     2 |    11 |     1 ||    16
       Brothers in Arms  |       |       |       |       |     2 ||     2
 Abil: Evoke Flight      |       |       |     8 |       |       ||     8
Evoke: Wand              |       |       |       |     2 |     5 ||     7
  Use: Scroll            |     5 |     2 |    16 |     4 |     2 ||    29
       Potion            |       |       |     1 |     9 |     1 ||    11
 Stab: Sleeping          |     1 |     2 |     2 |    21 |    13 ||    39
       Distracted        |       |       |       |     2 |       ||     2
       Invisible         |       |       |       |       |     2 ||     2
  Eat: Chunk             |    12 |     7 |    38 |    40 |    20 ||   117
Armor: Animal skin       |    17 |     7 |       |       |       ||    24
       Leather armour    |       |       |    65 |    76 |    38 ||   179
Dodge: Dodged            |    95 |    44 |   373 |   760 |   210 ||  1482
Block: Buckler           |       |       |       |    15 |   128 ||   143
